 Dungeon Crawl Stone Soup version 0.25-a0-705-ge9988fc0fb (webtiles) character file.

Game seed: 17691285089102101080, levelgen mode: deterministic

217 Anathary the Conjurer (level 5, -1/28 HPs)
             Began as a Deep Elf Conjurer on Apr 4, 2020.
             Slain by a ball python (2 damage)
             ... on level 4 of the Dungeon.
             The game lasted 00:18:25 (3179 turns).

Anathary the Conjurer (Deep Elf Conjurer)           Turns: 3179, Time: 00:18:26

Health: -1/28      AC:  3    Str:  5    XL:     5   Next: 61%
Magic:  5/13       EV: 10    Int: 21    God:
Gold:   76         SH:  0    Dex: 15    Spells: 7/13 levels left

rFire    . . .     SeeInvis .   e - +1 dagger
rCold    . . .     Gourm    .   (no shield)
rNeg     . . .     Faith    .   a - +0 robe
rPois    .         Spirit   .   (no helmet)
rElec    .         Reflect  .   l - +0 cloak
rCorr    .         Harm     .   (no gloves)
MR       .....                  (no boots)
Stlth    ++........             (no amulet)
HPRegen  0.09/turn              (no ring)
MPRegen  0.13/turn              (no ring)

@: constricted
A: no striking features
a: no special abilities


You were on level 4 of the Dungeon.
You were not hungry.

You visited 1 branch of the dungeon, and saw 4 of its levels.

You collected 76 gold pieces.

Inventory:

Hand Weapons
 e - a +1 dagger (weapon)
Armour
 a - a +0 robe (worn)
 l - a +0 cloak (worn)
Wands
 i - a wand of paralysis (4)
Scrolls
 b - a scroll of identify {unknown}
 d - a scroll of magic mapping
 f - 2 scrolls of teleportation
Potions
 g - a potion of heal wounds {unknown}
 h - a potion of haste {unknown}
 j - a potion of curing {unknown}
 k - a potion of brilliance {unknown}
Comestibles
 c - 6 rations


   Skills:
 - Level 2.4 Dodging
 - Level 2.4 Stealth
 - Level 4.6 Spellcasting
 + Level 6.8 Conjurations
 * Level 1.4 Hexes


You had 7 spell levels left.
You knew the following spells:

 Your Spells              Type           Power        Failure   Level  Hunger
a - Magic Dart            Conj           ####         1%          1    None
b - Dazzling Flash        Conj/Hex       ###...       6%          3    ##.....
c - Searing Ray           Conj           ####..       1%          2    #......

Your spell library contained the following spells:

 Spells                   Type           Power        Failure   Level  Hunger
 Fulminant Prism          Conj/Hex       ###.......   21%         4    ####...
 Iskenderun's Mystic Bla  Conj/Tloc      ###.....     26%         4    ####...


Dungeon Overview and Level Annotations

Branches:
Dungeon (4/15)
 Temple: D:4-7

Altars:
Kikubaaqudgha

Annotations:
D:4 Pikel


Message History

Confirm with . or Enter, or press ? or * to list all spells.
Aiming: Magic Dart (safe; 1% risk of failure)
Press: ? - help, Shift-Dir - straight line, f - slave
Aim: a slave The magic dart hits the slave but does no damage.
The ball python bites you but does no damage.
* * * LOW HITPOINT WARNING * * *
The ball python constricts you. The slave closely misses you.
Pikel hits you with a +2 whip of freezing.
* * * LOW HITPOINT WARNING * * *
Pikel freezes you.
* * * LOW HITPOINT WARNING * * *
Casting: Magic Dart (safe; 1% risk of failure)
Confirm with . or Enter, or press ? or * to list all spells.
Aiming: Magic Dart (safe; 1% risk of failure)
Press: ? - help, Shift-Dir - straight line, f - Pikel, p - slave
Aim: Pikel, wielding a +2 whip of freezing and wearing a +0 robe The magic dart hits Pikel but does no damage.
The ball python bites you.
You die...

#...#.#...#.###
#...............#.#.#
#...................#.#
##...............#.#.#.#
.....................#.#
#.......#........#.#'#.#
#.......#........#.....#
......pp+........#.....#
.....p.@#........#....##
.#....SK#........#....##
###.p.#....#...##....#.
.......+.(..#...##....#.
###....#..<........#'##.
+....#...)#....#.#.##.
#...##....#...........
#...+.....##+#...#....
#...##.#..........)...


You could see Pikel, 4 slaves and a ball python.

Vanquished Creatures
  2 worker ants (D:4)
  3 gnolls (D:4)
  7 adders
  2 oozes (D:1)
  2 worms (D:2)
  2 dart slugs
  A leopard gecko (D:1)
  An orc (D:3)
  8 giant cockroaches
  5 goblins
  6 hobgoblins
  10 kobolds
  2 quokkas
  5 bats
  3 frilled lizards
  8 rats
67 creatures vanquished.

Vanquished Creatures (others)
  A human (D:2)
1 creature vanquished.

Grand Total: 68 creatures vanquished

Notes
Turn   | Place    | Note
-------+----------+-------------------------------------------
     0 | D:1      | Anathary the Deep Elf Conjurer began the quest for the Orb.
     0 | D:1      | Reached XP level 1. HP: 10/10 MP: 6/6
   188 | D:1      | Reached XP level 2. HP: 15/15 MP: 5/8
   381 | D:1      | Reached skill level 5 in Conjurations
   772 | D:1      | Reached XP level 3. HP: 19/19 MP: 6/9
   821 | D:1      | Learned a level 3 spell: Dazzling Flash
  1174 | D:2      | Found an ancient bone altar of Kikubaaqudgha.
  1174 | D:2      | Noticed a human
  1178 | D:2      | Killed a human
  1499 | D:2      | Reached XP level 4. HP: 24/24 MP: 7/11
  1534 | D:2      | Learned a level 2 spell: Searing Ray
  1566 | D:2      | You fall into a shaft and drop 2 floors!
  1570 | D:4      | Reached skill level 6 in Conjurations
  2331 | D:3      | Reached XP level 5. HP: 28/28 MP: 9/13
  3010 | D:4      | Reached skill level 1 in Hexes
  3169 | D:4      | Noticed Pikel
  3169 | D:4      | Noticed a slave
  3169 | D:4      | Noticed a slave
  3170 | D:4      | Noticed a slave
  3173 | D:4      | Noticed a slave
  3178 | D:4      | HP: 1/28 [Pikel/+2 whip of freezing (1)]
  3179 | D:4      | Slain by a ball python

Levels and vault maps discovered:
D:1:      nicolae_arrival_washed_ashore, layout_loops_cross, minmay_heptomino_o4
D:2:      layout_rooms, tgw_kikubaaqudgha
D:3:      layout_loops_ring, first_ration
D:4:      minmay_goblin_kobold_castle, layout_basic,
          makhleb_blood_cavern_becter, uniq_grinder, uniq_pikel

Skill      XL: |  1  2  3  4  5 |
---------------+----------------+-----
Conjurations   | 5 6 |  6.8
Spellcasting   | 4 |  4.6
Hexes          | 1 |  1.4
Dodging        | |  2.4
Stealth        | |  2.4

Action                   |  1- 3 |  4- 6 || total
-------------------------+-------+-------++-------
 Cast: Magic Dart        |    80 |    67 ||   147
       Searing Ray       |       |     5 ||     5
       Dazzling Flash    |       |     2 ||     2
  Use: Scroll            |       |     5 ||     5
  Eat: Ration            |     1 |     1 ||     2
Armor: Robe              |     5 |     6 ||    11
Dodge: Dodged            |     6 |    18 ||    24

Table legend:
 A = Non-vault XP
 B = Vault XP
 C = Vault XP percentage of total XP
 D = Non-vault monster count
 E = Vault monster count
 F = Vault count percentage of total count
                 A         B        C        D         E       F
            +---------+---------+-------+---------+---------+-------
      Total |     306 |       4 |   1.3 |      64 |       3 |   4.5
            +---------+---------+-------+---------+---------+-------
        D:1 |      48 |       3 |   5.9 |      23 |       2 |   8.0
        D:2 |      52 |       0 |   0.0 |      15 |       0 |   0.0
        D:3 |      92 |       0 |   0.0 |      18 |       0 |   0.0
        D:4 |     114 |       1 |   0.9 |       8 |       1 |  11.1
            +---------+---------+-------+---------+---------+-------
